 Dungeon Crawl Stone Soup version 0.17.2-1-ge4368a0 (webtiles) character file.

5811 Goblin1989 the Martial Artist (level 10, -2/68 HPs)
             Began as a Demonspawn Monk on Aug 18, 2016.
             Was a Priest of Makhleb.
             Slain by an iguana (8 damage)
             ... on level 10 of the Dungeon.
             The game lasted 00:23:45 (9944 turns).

Goblin1989 the Martial Artist (Demonspawn Monk)     Turns: 9944, Time: 00:23:45

Health: -2/68      AC: 17    Str: 14    XL:     10   Next: 50%
Magic:  5/11       EV:  7    Int: 14    God:    Makhleb [***...]
Gold:   480        SH:  6    Dex: 16    Spells: 0 memorised, 9 levels left

rFire  + . .     SeeInvis .       - Unarmed
rCold  + . .     Clarity  +     A - +3 chain mail "Zierux" {rElec rPois Int-4}
rNeg   . . .     SustAt   +     s - +2 buckler
rPois  +         Gourm    .     l - +1 helmet
rElec  +         Spirit   .     a - +0 cloak
rCorr  .         Warding  .     (no gloves)
rMut   .         Stasis   .     (no boots)
MR     .....                    p - amulet of clarity
Stlth  ..........               u - ring of stealth
                                q - ring of sustain attributes

@: not resistant to hostile enchantments, extremely unstealthy
A: claws 1, molten scales 1, clever 2, cold resistance 1, demonic guardian 1,
fire resistance 1, frail 1, high mp 1, sense surroundings 1, strong 1, freezing
cloud immunity, MP-powered wands
a: Minor Destruction, Lesser Servant of Makhleb, Renounce Religion


You were on level 10 of the Dungeon.
You worshipped Makhleb.
Makhleb was most pleased with you.
You were not hungry.

You visited 2 branches of the dungeon, and saw 11 of its levels.
You also visited: Ossuary.

You collected 678 gold pieces.
You spent 198 gold pieces at shops.

Inventory:

Missiles
 J - a throwing net (quivered)
Armour
 a - a +0 cloak (worn)
 c - a +0 plate armour
 l - a +1 helmet (worn)
 s - a +2 buckler (worn)
 A - the +3 chain mail "Zierux" (worn) {rElec rPois Int-4}
   (You found it on level 5 of the Dungeon)

   It affects your intelligence (-4).
   It insulates you from electricity.
   It protects you from poison.
Jewellery
 p - an amulet of clarity (around neck)
 q - a ring of sustain attributes (left claw)
 u - a ring of stealth (right claw)
Wands
 b - a wand of random effects (26)
 f - a wand of fire (8)
 h - a wand of disintegration (0)
 k - a wand of disintegration (12)
 w - a wand of magic darts (23)
 C - a wand of polymorph (16)
 F - a wand of slowing (39)
 H - a wand of fireball (3)
Scrolls
 d - 2 scrolls of teleportation
 e - 8 scrolls of remove curse
 i - 3 scrolls of random uselessness {unknown}
 m - 7 scrolls of identify
 n - a scroll of enchant weapon
 o - 4 scrolls of amnesia {unknown}
 x - 2 scrolls of fog
 y - a scroll of acquirement {unknown}
 E - a scroll of enchant armour
 I - a scroll of magic mapping
 K - a scroll of summoning {unknown}
Potions
 j - 8 potions of curing
 r - 4 potions of flight
 t - 3 potions of resistance
 v - a potion of cancellation
 z - 2 potions of lignification {unknown}
Comestibles
 g - 7 bread rations
 B - 4 fruits
 D - 4 meat rations
 G - a beef jerky


   Skills:
 * Level 6.0 Fighting
 * Level 4.7 Armour
 - Level 2.6 Dodging
 - Level 1.7 Stealth
 * Level 2.1 Shields
 + Level 12.7 Unarmed Combat
 + Level 0.3 Invocations


You had 9 spell levels left.
You didn't know any spells.

Dungeon Overview and Level Annotations

Branches:
Dungeon (10/15)            Temple (1/1) D:7             Orc (0/4) D:9
   Lair: D:8-11

Altars:
Ashenzari
Fedhas
Gozag
Kikubaaqudgha
Makhleb
Qazlal
Sif Muna
Trog
Yredelemnul
Zin
The Shining One

Shops:
D:4 [(=(*   D:9 [

Annotations:
D:2 Sigmund


Innate Abilities, Weirdness & Mutations

You have sharp fingernails.
You are partially covered in molten scales (AC +1).
Your flesh is cold resistant.
A weak demonic guardian rushes to your aid.
You are immune to freezing clouds.
Your mind is very acute. (Int +4)
Your flesh is heat resistant.
You are frail (-10% HP).
You have an increased reservoir of magic (+10% MP).
You passively map a small area around you.
Your muscles are strong. (Str +2)
You expend magic power (3 MP) to strengthen your wands.


Message History

Evoking this partially-identified wand wasted a few charges.
You now have 5/11 mp.
Evoke which item? (* to show all) (? for menu, Esc to quit)
Zapping:
h - a wand of disintegration {zapped: 11} (will waste charges)
Press: ? - help, Shift-Dir - straight line, p - iguana Nothing appears to happen.
You closely miss the iguana.
The iguana bites you but does no damage.
You scratch the iguana.
The iguana is moderately wounded.
The iguana barely misses you.
You barely miss the iguana.
The iguana is moderately wounded.
You completely miss the iguana.
The iguana is moderately wounded.
The iguana bites you but does no damage.
You closely miss the iguana.
The iguana is moderately wounded.
The iguana bites you!
You die...

..........................#
...#####..................#
...+...#..................##
...#...#.....l.............#
...#...#...................#
...###'#ยง.#######..........#
..5C.5....# #....#######
..........# ##l####
..........# #@## ###########
### #


You could see an iguana.

Vanquished Creatures
  Erica (D:9)
  Pikel (D:7)
  A merfolk (D:9)
  Grinder (D:6)
  Prince Ribbit (D:9)
  A hippogriff (D:9)
  A wyvern (D:9)
  Edmund (D:4)
  4 orc warriors (D:9)
  A sky beast (D:6)
  A slave (D:7)
  3 phantoms
  2 ogres
  A black bear (D:7)
  2 centaurs
  2 giant frogs
  A wyvern zombie (D:6)
  4 scorpions
  A water moccasin zombie (Ossuary)
  A water moccasin skeleton (D:7)
  7 killer bees
  A giant frog zombie (D:6)
  A centaur zombie (D:6)
  6 crimson imps
  4 orc priests
  4 hounds
  A jelly (D:8)
  Ijyb (D:3)
  2 centaur skeletons
  A giant frog skeleton (D:6)
  6 iguanas
  12 orc wizards
  4 worker ants
  A quasit (D:7)
  Natasha (thrice) (D:4)
  A big kobold zombie (Ossuary)
  2 mummies (Ossuary)
  A worker ant zombie (D:7)
  7 adders
  4 gnolls
  5 shadow imps
  2 oozes
  4 adder zombies (Ossuary)
  3 worms
  8 giant geckos
  37 orcs
  4 bats
  5 giant cockroaches
  7 hobgoblins
  11 jackals
  8 quokkas
  2 giant gecko skeletons
  4 giant newts
  4 gnoll zombies (Ossuary)
  5 goblins
  5 hobgoblin zombies (Ossuary)
  7 kobolds
  8 kobold zombies (Ossuary)
  7 orc zombies (Ossuary)
  A quokka skeleton (D:9)
  A rat (D:1)
238 creatures vanquished.

Vanquished Creatures (collateral kills)
  A hippogriff (D:10)
  An ogre (D:4)
  A giant frog (D:7)
  A water moccasin zombie (Ossuary)
  A killer bee (D:10)
  An orc wizard (D:5)
  A centaur zombie (D:7)
  An ooze (D:5)
8 creatures vanquished.

Vanquished Creatures (others)
  An orc wizard (D:5)
  An ooze (D:7)
  2 orcs (D:9)
4 creatures vanquished.

Grand Total: 250 creatures vanquished

Notes
Turn   | Place    | Note
--------------------------------------------------------------
     0 | D:1      | Goblin1989 the Demonspawn Monk began the quest for the Orb.
     0 | D:1      | Reached XP level 1. HP: 18/18 MP: 1/1
   295 | D:1      | Reached skill level 4 in Unarmed Combat
   295 | D:1      | Gained mutation: You have sharp fingernails. [demonic ancestry]
   295 | D:1      | Reached XP level 2. HP: 17/24 MP: 2/2
   954 | D:2      | Gained mutation: Your flesh is cold resistant. [demonic ancestry]
   954 | D:2      | Reached XP level 3. HP: 29/29 MP: 3/3
  1256 | D:2      | Noticed Sigmund
  1490 | D:3      | Reached skill level 5 in Unarmed Combat
  1674 | D:3      | Gained mutation: A weak demonic guardian rushes to your aid. [demonic ancestry]
  1674 | D:3      | Reached XP level 4. HP: 33/35 MP: 4/4
  1960 | D:3      | Noticed Ijyb
  1972 | D:3      | Killed Ijyb
  2195 | D:3      | Found a shattered altar of Ashenzari.
  2208 | D:3      | Found a faded altar to an unknown god.
  2463 | D:4      | Found Muyddum's Jewellery Shoppe.
  2469 | D:4      | Found Jonlulof's Antique Weapon Shop.
  2535 | D:4      | Found Kas Ute's Antique Weapon Emporium.
  2541 | D:4      | Reached skill level 6 in Unarmed Combat
  2541 | D:4      | Reached XP level 5. HP: 37/41 MP: 5/5
  2554 | D:4      | Noticed Natasha
  2562 | D:4      | Killed Natasha
  2607 | D:4      | Noticed Natasha
  2616 | D:4      | Killed Natasha
  2712 | D:4      | Noticed Edmund
  2716 | D:4      | Gained mutation: Your flesh is heat resistant. [potion of mutation]
  2716 | D:4      | Gained mutation: You are frail (-10% HP). [potion of mutation]
  2716 | D:4      | Gained mutation: You passively map a small area around you. [potion of mutation]
  2744 | D:4      | Killed Edmund
  2744 | D:4      | Reached skill level 7 in Unarmed Combat
  2744 | D:4      | Reached XP level 6. HP: 22/42 MP: 0/6
  3147 | D:4      | Found Ololeh's Armour Emporium.
  3158 | D:4      | Noticed Natasha
  3166 | D:4      | Killed Natasha
  3340 | D:4      | Found Dezu's General Store.
  3483 | D:5      | Entered Level 5 of the Dungeon
  3490 | D:5      | Gained mutation: You are immune to freezing clouds. [demonic ancestry]
  3490 | D:5      | Reached XP level 7. HP: 35/46 MP: 7/7
  3535 | D:5      | Found a sand-covered staircase.
  3543 | Ossuary  | Entered an ossuary
  3591 | Ossuary  | Reached skill level 8 in Unarmed Combat
  4053 | D:5      | Found an ancient bone altar of Kikubaaqudgha.
  4053 | D:5      | Found a bloodstained altar of Trog.
  4105 | D:5      | Reached skill level 9 in Unarmed Combat
  4603 | D:5      | Got a bronze chain mail
  4632 | D:5      | Identified the +3 chain mail "Zierux" {rElec rPois Int-4} (You found it on level 5 of the Dungeon)
  4945 | D:5      | Reached XP level 8. HP: 39/52 MP: 8/8
  5264 | D:6      | Noticed Grinder
  5270 | D:6      | Paralysed by Grinder for 3 turns
  5275 | D:6      | Killed Grinder
  5413 | D:6      | Reached skill level 10 in Unarmed Combat
  5888 | D:6      | Gained mutation: Your muscles are strong. (Str +2) [mutagenic meat]
  5889 | D:6      | Gained mutation: You have an increased reservoir of magic (+10% MP). [mutagenic meat]
  5890 | D:6      | Gained mutation: You expend magic power (3 MP) to strengthen your wands. [mutagenic meat]
  5891 | D:6      | Gained mutation: Your mind is acute. (Int +2) [mutagenic meat]
  5892 | D:6      | Gained mutation: Your mind is very acute. (Int +4) [mutagenic meat]
  6536 | D:7      | Reached skill level 11 in Unarmed Combat
  6723 | D:7      | Reached XP level 9. HP: 44/56 MP: 9/9
  6813 | D:7      | Noticed Pikel
  6830 | D:7      | Killed Pikel
  6830 | D:7      | Reached skill level 12 in Unarmed Combat
  6839 | D:7      | Found a staircase to the Ecumenical Temple.
  6873 | Temple   | Entered the Ecumenical Temple
  6885 | Temple   | Became a worshipper of Makhleb the Destroyer
  6885 | Temple   | Reached * piety under Makhleb
  6885 | Temple   | Reached ** piety under Makhleb
  7522 | D:8      | Reached skill level 1 in Armour
  7588 | D:9      | Found a stormy altar of Qazlal.
  7790 | D:9      | Noticed Prince Ribbit
  7804 | D:9      | Killed Prince Ribbit
  7877 | D:9      | Found a blossoming altar of Fedhas.
  7941 | D:9      | Found an opulent altar of Gozag.
  7997 | D:9      | Found a shattered altar of Ashenzari.
  8289 | D:9      | Gained mutation: You are partially covered in molten scales (AC +1). [demonic ancestry]
  8289 | D:9      | Reached XP level 10. HP: 40/65 MP: 11/11
  8421 | D:9      | Noticed Erica
  8458 | D:9      | Killed Erica
  8458 | D:9      | Reached skill level 5 in Fighting
  8464 | D:9      | Reached *** piety under Makhleb
  8638 | D:9      | Found Bamiur's Armour Shop.
  8644 | D:9      | Bought a +2 buckler for 198 gold pieces
  9085 | D:9      | Reached skill level 1 in Shields
  9212 | D:9      | Found a staircase to the Orcish Mines.
  9565 | D:10     | Entered Level 10 of the Dungeon
  9830 | D:10     | Noticed a hill giant
  9923 | D:10     | HP: 2/68 [quasit (2)]
  9944 | D:10     | Slain by an iguana

Action                   |  1- 3 |  4- 6 |  7- 9 | 10-12 || total
-------------------------+-------+-------+-------+-------++-------
Melee: Unarmed           |   128 |   159 |   554 |   188 ||  1029
Evoke: Wand              |       |       |       |     5 ||     5
  Use: Potion            |     2 |     7 |     5 |     2 ||    16
       Scroll            |       |     3 |     5 |     1 ||     9
 Stab: Sleeping          |     3 |     1 |     1 |       ||     5
       Distracted        |       |     2 |       |     2 ||     4
       Invisible         |       |       |       |    10 ||    10
  Eat: Bread ration      |     1 |       |       |       ||     1
       Chunk             |       |     1 |    17 |     6 ||    24
       Meat ration       |       |     1 |       |       ||     1
       Royal jelly       |       |       |     1 |       ||     1
